 Dungeon Crawl Stone Soup version 0.29.1-debian-1-gc3f1650bb9 (webtiles) character file.

Game seed: 1363868154388825484

3822 IdlyInterested the Martial Artist (level 9, 0/59 (61) HPs)
             Began as a Demonspawn Wanderer on Sept 12, 2022.
             Slain by a wight
             ... wielding a +0 mace
              (5 damage)
             ... on level 7 of the Dungeon.
             The game lasted 00:41:47 (10818 turns).

IdlyInterested the Martial Artist (DsWn)           Turns: 10818, Time: 00:41:47

HP:   0/59 (61)     AC: 10    Str:  9    XL:     9   Next: 97%
MP:   13/17         EV: 13    Int: 24    God:
Gold: 58            SH:  0    Dex: 20    Spells: 14/18 levels left

rFire   . . .      SeeInvis .   o - staff of conjuration
rCold   . . .      Faith    .   (no shield)
rNeg    . . .      Spirit   .   t - +1 leather armour
rPois   .          Reflect  .   x - +2 hat
rElec   .          Harm     .   C - +1 cloak
rCorr   .          Rampage  .   (no gloves)
Will    .....                   m - +1 pair of boots
Stlth   ++........              (no amulet)
HPRegen 0.19/turn               p - ring of wizardry
MPRegen 0.15/turn               y - +6 ring of intelligence

@: mighty, slowed, lightly drained, very slow
A: thin skeletal structure 1, demonic guardian 1, powered by pain 1, demonic
touch 1, fangs 1, horns 1, agile 1
a: no special abilities


You were on level 7 of the Dungeon.
You visited 2 branches of the dungeon, and saw 8 of its levels.

You collected 508 gold pieces.
You spent 450 gold pieces at shops.

Inventory:

Hand Weapons
 a - a +3 quarterstaff
 B - the +5 war axe of the Depths {drain, rCorr Int-5 Dex+4}
   (You found it on level 6 of the Dungeon)

   A truly terrible weapon, it drains the life of any living foe it strikes.
   Int:       It affects your intelligence (-5).
   Dex:       It affects your dexterity (+4).
   rCorr:     It protects you from acid and corrosion.
Missiles
 j - 9 boomerangs
 s - 3 javelins
 w - 19 poisoned darts
 I - a curare-tipped dart
Armour
 b - a +1 helmet
 m - a +1 pair of boots (worn)
 t - a +1 leather armour (worn)
 u - a +2 chain mail of cold resistance
 x - a +2 hat (worn)
 C - a +1 cloak (worn)
Magical Staves
 o - a staff of conjuration (weapon)
 G - a staff of air
Jewellery
 p - a ring of wizardry (left hand)
 v - a ring of protection from cold
 y - a +6 ring of intelligence (right hand)
Wands
 q - a wand of acid (3)
 H - a wand of flame (18)
Scrolls
 c - 3 scrolls of fear
 e - 2 scrolls of teleportation
 g - a scroll of butterflies
 k - a scroll of amnesia
 l - 2 scrolls of blinking
 F - a scroll of poison
 J - a scroll of noise {unknown}
 K - a scroll of identify
Potions
 d - 2 potions of attraction
 f - a potion of magic
 h - a potion of lignification
 i - 2 potions of brilliance
 n - 2 potions of might
 r - 2 potions of berserk rage
 z - 2 potions of mutation
 A - 2 potions of haste
 D - a potion of invisibility


   Skills:
 - Level 2.0 Fighting
 + Level 6.4 Staves
 - Level 4.0 Dodging
 * Level 8.1 Unarmed Combat
 + Level 5.4 Spellcasting
 + Level 1.8 Conjurations
 - Level 4.0 Ice Magic
 - Level 4.0 Evocations


You had 14 spell levels left.
You knew the following spells:

 Your Spells              Type           Power      Damage    Failure   Level
a - Freeze                Ice            100%       1d11      1%          1
b - Frozen Ramparts       Ice            50%        1d8       2%          3

Your spell library contained the following spells:

 Spells                   Type           Power      Damage    Failure   Level
 Magic Dart               Conj           92%        1d7       2%          1
 Static Discharge         Conj/Air       32%        3-5/arc   4%          2
 Call Imp                 Summ           6%         N/A       8%          2
 Mephitic Cloud           Conj/Pois/Air  14%        N/A       12%         3
 Sticky Flame             Conj/Fire      16%        2d4       32%         4
 Dispel Undead            Necr           6%         3d8       41%         4
 Passage of Golubria      Tloc           6%         N/A       41%         4
 Iskenderun's Battlesphe  Conj           23%        2d8       50%         5
 Fireball                 Conj/Fire      8%         3d6       63%         5
 Silence                  Hex/Air        3%         N/A       75%         5
 Conjure Ball Lightning   Conj/Air       8%         3x3d6     99%         6
 Orb of Destruction       Conj           11%        9d6       100%        7
 Lehudib's Crystal Spear  Conj/Erth      8%         10d3      100%        8


Dungeon Overview and Level Annotations

Branches:
Dungeon (7/15)             Temple (1/1) D:5

Altars:
Cheibriados
Dithmenos
Fedhas
Kikubaaqudgha
Ru
Trog
Uskayaw
Xom
Yredelemnul

Shops:
D:3 !   D:6 (


Innate Abilities, Weirdness & Mutations

You have a somewhat thin skeletal structure. (Dex +2, Stealth+)
A weak demonic guardian rushes to your aid.
You sometimes gain a little power by taking damage.
Your touch may inflict minor irresistible damage on your foes.
You have very sharp teeth.
You have a pair of small horns on your head.
You are agile. (Dex +4, Str/Int -1)


Message History

The hornet is almost dead.
You feel very sick. The hornet stings you.
* * * LOW HITPOINT WARNING * * *
You are lethally poisoned!
You feel as though you will be slow longer.
The hornet closely misses you.
Aiming: Freeze (safe; 1% risk of failure)
Press: ? - help, Q - select action, (/) - cycle Shift-Dir - straight line, f/p - hornet
Aim: a hornet (almost dead)
You freeze the hornet.
The hornet is almost dead.
* * * LOW HITPOINT WARNING * * *
You feel very sick. The hornet misses you. The hornet closely misses you.
The hornet stings you but does no damage.
You feel better.
The hornet stings you but does no damage.
The hornet stings you!
* * * LOW HITPOINT WARNING * * *
You feel as though you will be slow longer.
You hit the hornet but do no damage.
You blast the hornet.
You headbutt the hornet.
You kill the hornet!
Your life force feels restored.
Unknown command.
You feel very mighty all of a sudden. The wight closely misses you.
You hit the wight. Your touch misses the wight.
The wight is lightly damaged.
The wight hits you with a +0 mace.
* * * LOW HITPOINT WARNING * * *
A demonic guardian appears!
You feel drained.
* * * LOW HITPOINT WARNING * * *
You closely miss the wight. You headbutt the wight!
The wight is almost destroyed.
The wight misses you.
Your white imp closely misses the wight.
The wight hits you with a +0 mace.
You die...

#...#
#.###.###.
#...#.....#
#.........
#...#..$..#
#.###...##
#...#./⌠$.#
#.........
#...#(.$..#
#.....#.#.
#...#.....#
##.####...
#...#.....#
#. #...
#...##.z5#
# #....
#....#.@.#
......
##..)#...#
##....
#......##
#...# #
#......#
#...# ##.
##⌠..####
#.. # ..
.##### #. #
# #.# .##
#.#.#.. ..#
#......#.(#


You could see a wight (ally target) and a friendly white imp (summoned).

Vanquished Creatures
  A hornet (D:7)
  Grinder (D:6)
  4 yaks (D:6)
  Eustachio (D:6)
  A steam dragon (D:6)
  An orc warrior (D:5)
  Duvessa (D:6)
  An ice beast (D:6)
  2 black bears
  3 ogres (D:6)
  2 sky beasts (D:7)
  A centaur (D:7)
  2 phantoms
  A kobold brigand (D:7)
  A necrophage (D:5)
  A bullfrog (D:6)
  3 scorpions
  A wight (D:7)
  Dowan (D:6)
  2 howler monkeys
  3 hounds
  2 jellies
  An orc priest (D:5)
  2 iguanas (D:5)
  4 orc wizards (D:5)
  5 gnolls
  10 adders
  2 shadow imps (D:6)
  A white imp (D:6)
  4 worms
  The ghost of flotson the Sneak, a weakling DsDe (D:4)
  3 dart slugs
  34 orcs
  5 endoplasms
  6 giant cockroaches
  5 goblins
  11 hobgoblins
  2 jackals (D:3)
  3 quokkas
  11 ball pythons
  5 bats
  7 frilled lizards
  12 kobolds
  9 rats
179 creatures vanquished.

Vanquished Creatures (collateral kills)
  A steam dragon (D:6)
  An ogre (D:5)
  An orc priest (D:5)
3 creatures vanquished.

Vanquished Creatures (others)
  A kobold brigand (D:6)
1 creature vanquished.

Grand Total: 183 creatures vanquished

Notes
Turn   | Place    | Note
-------+----------+-------------------------------------------
     0 | D:1      | IdlyInterested the Demonspawn Wanderer began the quest for
                  | the Orb.
     0 | D:1      | IdlyInterested set off with the following items: a +2
                  | quarterstaff, a +0 helmet, a scroll of fear, a +0 robe; and
                  | the following spell memorised: Freeze; and the following
                  | spells available to memorise: Frozen Ramparts.
     0 | D:1      | Reached XP level 1. HP: 13/13 MP: 2/2
    25 | D:1      | Gained mutation: A weak demonic guardian rushes to your
                  | aid. [demonic ancestry]
    25 | D:1      | Reached XP level 2. HP: 19/19 MP: 0/3
   636 | D:1      | Reached XP level 3. HP: 19/24 MP: 2/5
  1714 | D:2      | Learned a level 3 spell: Frozen Ramparts
  1918 | D:2      | Gained mutation: Your touch may inflict minor irresistible
                  | damage on your foes. [demonic ancestry]
  1918 | D:2      | Reached XP level 4. HP: 30/30 MP: 3/6
  2165 | D:2      | Found a faded altar of an unknown god.
  2759 | D:3      | Found Ipuunwoiru's Distillery.
  2942 | D:3      | Reached skill level 1 in Unarmed Combat
  3258 | D:3      | Found a blossoming altar of Fedhas.
  3258 | D:3      | Found a hide-covered altar of Uskayaw.
  3468 | D:3      | Reached XP level 5. HP: 24/36 MP: 8/8
  3852 | D:3      | Reached skill level 1 in Fighting
  4532 | D:3      | Bought 2 potions of mutation for 160 gold pieces
  4532 | D:3      | Bought a potion of curing for 30 gold pieces
  4915 | D:4      | Found a runed translucent door.
  4918 | D:4      | Noticed flotson's ghost (weakling DsDe)
  5259 | D:4      | Reached skill level 2 in Unarmed Combat
  5691 | D:4      | Killed flotson's ghost
  5798 | D:3      | Bought a potion of heal wounds for 50 gold pieces
  5803 | D:3      | Gained mutation: You have very sharp teeth. [potion of
                  | mutation]
  5803 | D:3      | Gained mutation: You are agile. (Dex +4, Str/Int -1)
                  | [potion of mutation]
  5803 | D:3      | Gained mutation: You have a pair of small horns on your
                  | head. [potion of mutation]
  5847 | D:5      | Entered Level 5 of the Dungeon
  5856 | D:5      | Reached XP level 6. HP: 21/43 MP: 6/9
  6117 | D:5      | Found a runed translucent door.
  6186 | D:5      | Found a staircase to the Ecumenical Temple.
  6210 | D:5      | Reached skill level 3 in Unarmed Combat
  6214 | D:5      | Reached XP level 7. HP: 26/48 MP: 1/11
  6221 | D:5      | Reached skill level 4 in Unarmed Combat
  6506 | Temple   | Entered the Ecumenical Temple
  7428 | D:5      | Gained mutation: You sometimes gain a little power by
                  | taking damage. [demonic ancestry]
  7428 | D:5      | Reached XP level 8. HP: 41/54 MP: 13/13
  7730 | D:3      | Bought a potion of haste for 100 gold pieces
  7876 | D:6      | Noticed Eustachio
  7876 | D:6      | Found Qorenuga's Weapon Boutique.
  7898 | D:6      | Reached skill level 5 in Unarmed Combat
  7914 | D:6      | Killed Eustachio
  7915 | D:6      | Reached skill level 5 in Staves
  8216 | D:6      | Identified the +5 war axe of the Depths {drain, rCorr Int-5
                  | Dex+4}
  8273 | D:6      | Found a blossoming altar of Fedhas.
  8281 | D:6      | Reached skill level 6 in Unarmed Combat
  8292 | D:6      | Gained mutation: You have a somewhat thin skeletal
                  | structure. (Dex +2, Stealth+) [demonic ancestry]
  8292 | D:6      | Reached XP level 9. HP: 18/61 MP: 12/15
  8688 | D:6      | Noticed Duvessa
  8690 | D:6      | Noticed Dowan
  8698 | D:6      | Killed Duvessa
  8700 | D:6      | Killed Dowan
  9198 | D:6      | Noticed Grinder
  9205 | D:6      | Paralysed by Grinder for 2 turns
  9209 | D:6      | Paralysed by Grinder for 4 turns
  9219 | D:6      | Killed Grinder
  9305 | D:6      | Reached skill level 7 in Unarmed Combat
  9380 | D:6      | Reached skill level 5 in Spellcasting
 10059 | D:3      | Bought a potion of invisibility for 80 gold pieces
 10059 | D:3      | Bought a potion of curing for 30 gold pieces
 10355 | D:7      | Found a shadowy altar of Dithmenos.
 10388 | D:7      | Reached skill level 1 in Conjurations
 10687 | D:7      | Reached skill level 8 in Unarmed Combat
 10808 | D:7      | Paralysed by a hornet for 3 turns
 10818 | D:7      | Slain by a wight

Illustrated notes

Levels and vault maps discovered:
D:1:      wander_arrival_lonely_grave, layout_basic
D:2:      layout_loops_cross, ebering_ecumenical_altar_box, minivault_11,
          chequers_serial_rivers_small_3
D:3:      layout_loops_corners, chequers_temple_overflow_statue_of_worship,
          serial_shops, shop
D:4:      layout_loops_ring, gammafunk_ghost_grave,
          amcnicky_mini_rare_corridor_liquid, grunt_ministairs_15
D:5:      layout_basic, minmay_temple_entry_glass, lightli_church_of_beogh
D:6:      layout_loops_corners, st_stairs_8, corexii_hall_statues_l,
          nicolae_stop_n_shop_1, dreamdust_princess_bridge,
          minmay_ruined_shrine, uniq_grinder, uniq_duvessa, uniq_eustachio
D:7:      kennysheep_spiral_hall, layout_basic, lemuel_crystal_altar,
          kennysheep_mini, mainiacjoe_overflow_surrounded_room
Temple:   nicolae_temple_ecumenical_triangle

Skill      XL: |  1  2  3  4  5  6  7  8  9 |
---------------+----------------------------+-----
Staves         | 2 3 4 5 6 |  6.4
Dodging        | 4 |  4.0
Spellcasting   | 2 3 4 5 |  5.4
Ice Magic      | 2 3 4 |  4.0
Unarmed Combat | 1 2 3 4 6 8 |  8.1
Fighting       | 1 2 |  2.0
Evocations     | 3 4 |  4.0
Conjurations   | 1 |  1.8

Action                   |  1- 3 |  4- 6 |  7- 9 || total
-------------------------+-------+-------+-------++-------
Melee: Quarterstaff      |    94 |    39 |       ||   133
       Staff             |       |   156 |   211 ||   367
       Touch             |       |    24 |    47 ||    71
       Punch             |       |     3 |     5 ||     8
       Headbutt          |       |     6 |    62 ||    68
       Bite              |       |     1 |    31 ||    32
Throw: Javelin           |     3 |     7 |     8 ||    18
       Dart              |       |     6 |    14 ||    20
       Boomerang         |       |       |     8 ||     8
 Cast: Freeze            |    22 |    24 |    21 ||    67
       Frozen Ramparts   |       |     2 |    13 ||    15
Evoke: Wand              |       |     1 |     1 ||     2
  Use: Scroll            |       |    12 |     6 ||    18
       Potion            |       |     6 |     2 ||     8
 Stab: Sleeping          |       |     1 |     3 ||     4
       Distracted        |       |       |     2 ||     2
Armor: Robe              |    29 |    19 |       ||    48
       Leather armour    |       |    34 |    90 ||   124
Dodge: Dodged            |    87 |   118 |   117 ||   322
